AoeStats
← Paulo Silas

Arabia

509817669Analyzed
2v2 RM · 3d ago on Sep 28, 2026· 42m 26s· 4 players
Game mode
Random Map
Map size
Medium (4 player)
Population
200
Speed
Normal
Resources
Standard
Victory
Conquest
Starting age
Dark Age
Ending age
Imperial Age
RankedLock teamsTeams togetherTeam positionsShared explorationLock speedFull tech treeHidden civsTurbo modeCheats
Victory
Defeat
🇦🇷 Mongols · Argentina
1126
+11
🇦🇷 Spanish · Argentina
884
+20
🇨🇦 Japanese · Canada
1013
-16
🇺🇸 Goths · United States
980
-15
Paulo Silas
3:39 Loom
9:16 Feudal Age
10:27 Double-Bit Axe
14:12 Fletching
19:34 Castle Age
20:54 Forging
20:50 Scale Barding Armor
26:01 Gold Mining
26:44 Husbandry
27:40 Padded Archer Armor
29:07 Ballistics
34:49 Imperial Age
32:40 Man-at-Arms
33:29 Scale Mail Armor
34:05 Iron Casting
33:53 Stone Mining
33:56 Long Swordsman
35:23 Two-Handed Swordsman
36:56 Leather Archer Armor
37:44 Bloodlines
38:19 Squires
39:18 Wheelbarrow
39:04 Champion
41:27 Blast Furnace
43:39 Wheelbarrow
elpedritox
2:36 Loom
10:28 Feudal Age
10:55 Double-Bit Axe
17:40 Horse Collar
21:08 Castle Age
20:38 Scale Barding Armor
22:56 Chain Barding Armor
32:42 Imperial Age
31:06 Husbandry
31:16 Bloodlines
31:54 Ballistics
31:26 Elite Skirmisher
32:12 Thumb Ring
34:29 Cavalier
35:16 Padded Archer Armor
35:06 Fletching
cranks
5:01 Loom
12:24 Feudal Age
16:31 Castle Age
14:22 Double-Bit Axe
14:24 Horse Collar
22:42 Scale Mail Armor
23:52 Chain Mail Armor
26:54 Squires
26:14 Pikeman
29:35 Gold Mining
31:21 Bow Saw
31:19 Heavy Plow
31:58 Wheelbarrow
31:52 Forging
36:10 Imperial Age
34:16 Hand Cart
34:05 Town Watch
35:34 Iron Casting
36:15 Anarchy
38:31 Blast Furnace
41:37 Elite Huskarl
wilsoncheng18
13:32 Feudal Age
18:30 Castle Age
Connection lost

Rejoining the realm…

Still unreachable

The connection could not be restored.

Session expired

The server has moved on; the page needs a fresh start.